 Dungeon Crawl Stone Soup version 0.28-a0-957-g42eb19b844 (webtiles) character file.

Game seed: 17408566882552778165

3 Goblin1989 the Insei (level 1, 0/15 HPs)
             Began as a Demonspawn Transmuter on Nov 30, 2021.
             Slain by a jackal (1 damage)
             ... on level 1 of the Dungeon.
             The game lasted 00:00:29 (59 turns).

Goblin1989 the Insei (Demonspawn Transmuter)          Turns: 59, Time: 00:00:30

Health: 0/15       AC:  2    Str: 10    XL:     1   Next: 41%
Magic:  2/3        EV: 12    Int: 14    God:
Gold:   0          SH:  0    Dex: 13    Spells: 3/4 levels left

rFire   . . .      SeeInvis .     - Unarmed
rCold   . . .      Faith    .   (no shield)
rNeg    . . .      Spirit   .   a - +0 robe
rPois   .          Reflect  .   (helmet currently unavailable)
rElec   .          Harm     .   (no cloak)
rCorr   .          Rampage  .   (no gloves)
Will    .....                   (boots currently unavailable)
Stlth   +.........              (no amulet)
HPRegen 0.05/turn               (no ring)
MPRegen 0.08/turn               (no ring)

@: appendages
A: horns 2, talons 2
a: End Transformation


You were on level 1 of the Dungeon.
You had temporarily grown beastly horns and talons.
You visited 1 branch of the dungeon, and saw 1 of its levels.

Inventory:

Armour
 a - a +0 robe (worn)


   Skills:
 - Level 1.0 Fighting
 - Level 1.7 Dodging
 - Level 2.6 Unarmed Combat
 + Level 2.1 Spellcasting
 + Level 1.9 Transmutations


You had 3 spell levels left.
You knew the following spells:

 Your Spells              Type           Power      Damage    Failure   Level
a - Beastly Appendage     Tmut           14%        N/A       11%         1

Your spell library contained the following spells:

 Spells                   Type           Power      Damage    Failure   Level
 Wereblood                Tmut           7%         N/A       16%         2
 Spider Form              Tmut/Pois      4%         N/A       43%         3
 Ice Form                 Ice/Tmut       4%         N/A       83%         4


Dungeon Overview and Level Annotations

Branches:
Dungeon (1/15)

Altars:


Innate Abilities, Weirdness & Mutations

You have temporarily grown beastly horns and talons.


Message History

You add the spells Beastly Appendage, Wereblood, Spider Form and Ice Form to your library.
You become THE GIAGGOSTUONO!
Welcome, Goblin1989 the Demonspawn Transmuter.
Are you destined to find the majestic Orb of Zot, or to die trying?
Press ? for a list of commands and other information.
Found a staircase leading out of the dungeon.
A rat comes into view.
Casting: Beastly Appendage (safe; 12% risk of failure)
Confirm with . or Enter, or press ? or * to list all spells.
You grow a pair of large bovine horns.
Your feet morph into talons.
You now have 2/3 mp.
You hit the rat.
You kill the rat!
No target in view!
No target in view!
Your transformation is almost over.
Magic restored.
Your horns disappear.
Your talons disappear.
Found a stone staircase leading down.
MP restored: 3 No target in view! 2 jackals come into view.
The jackal barks! x2
There are monsters nearby!
There are monsters nearby! 2 jackals come into view.
The jackal barks!
The jackal bites you but does no damage.
Casting: Beastly Appendage (safe; 12% risk of failure)
Confirm with . or Enter, or press ? or * to list all spells.
You grow a pair of large bovine horns.
Your feet morph into talons.
The jackal bites you.
You take 1 damage, and have 14/15 hp.
You now have 2/3 mp.
You hit the jackal.
The jackal is moderately wounded.
The jackal bites you.
The jackal bites you but does no damage.
You take 1 damage, and have 13/15 hp.
You closely miss the jackal. Your headbutt misses the jackal.
The jackal is moderately wounded.
The jackal bites you.
You take 1 damage, and have 12/15 hp.
You hit the jackal.
The jackal is heavily wounded.
The jackal barely misses you. x2
You closely miss the jackal.
The jackal is moderately wounded.
The jackal misses you.
You hit the jackal. You claw the jackal.
The jackal is severely wounded.
Your transformation is almost over.
The jackal barely misses you.
You hit the jackal.
You kill the jackal!
The jackal misses you.
You closely miss the jackal. Your kick misses the jackal.
You headbutt the jackal.
The jackal is moderately wounded.
The jackal bites you.
You take 2 damage, and have 10/15 hp.
You closely miss the jackal. Your kick misses the jackal.
The jackal barely misses you.
You closely miss the jackal. The jackal closely misses you.
You hit the jackal. You claw the jackal, but do no damage.
The jackal is moderately wounded.
The jackal bites you. x2
* * * LOW HITPOINT WARNING * * *
You take 4 damage, and have 6/15 hp.
MASSIVE DAMAGE!!
You closely miss the jackal. Your kick misses the jackal.
The jackal is moderately wounded.
The jackal bites you but does no damage.
You closely miss the jackal.
The jackal is moderately wounded.
The jackal bites you.
* * * LOW HITPOINT WARNING * * *
You take 2 damage, and have 4/15 hp.
MP restored: 3 You barely miss the jackal.
Your kick misses the jackal.
The jackal is moderately wounded.
The jackal barely misses you. The jackal bites you.
* * * LOW HITPOINT WARNING * * *
You take 3 damage, and have 1/15 hp.
You closely miss the jackal.
The jackal is moderately wounded.
The jackal bites you but does no damage.
You closely miss the jackal. You claw the jackal.
You kill the jackal!
Your horns disappear.
Your talons disappear.
Casting: Beastly Appendage (safe; 11% risk of failure)
Confirm with . or Enter, or press ? or * to list all spells.
You grow a pair of large bovine horns.
Your feet morph into talons.
The jackal bites you.
You die... ♣....♣♣ ♣♣..♣♣ ♣♣...♣ ♣.♣.♣♣ ♣♣.♣.♣ ...... ♣..♣♣♣ ...... ♣♣♣.♣ ......█ ♣.♣♣ ..>.... █@█ ....h..██ █h███████

........█ ██████........
........███.h...........
........█...............
..$.....................
........................
........................
.......██...............


You could see a jackal.

Vanquished Creatures
  2 jackals (D:1)
  A rat (D:1)
3 creatures vanquished.

Notes
Turn   | Place    | Note
-------+----------+-------------------------------------------
     0 | D:1      | Goblin1989 the Demonspawn Transmuter began the quest for
                  | the Orb.
     0 | D:1      | Reached XP level 1. HP: 15/15 MP: 3/3
    59 | D:1      | Slain by a jackal

Illustrated notes

Levels and vault maps discovered:
D:1:      roderic_dead_forest, layout_basic, serial_glass, glass_columns_b,
          glass_columns_b

Action                   || total
-------------------------++-------
Melee: Unarmed           ||    16
       Kick              ||     3
       Headbutt          ||     1
 Cast: Beastly Appendage ||     3
Armor: Robe              ||     4
Dodge: Dodged            ||     8

Table legend: (Time is in decaauts)
 A = Elapsed time spent in this place.
 B = Non-inter-level travel time spent in this place.
 C = Inter-level travel time spent in this place.
 D = Time resting spent in this place.
 E = Time spent auto-exploring this place.
 F = Levels seen in this place.
 G = Mean time per level.
                   A        B        C        D        E       F      G
               +--------+--------+--------+--------+--------+-----+--------+
         Total |     58 |     58 |      0 |      0 |     24 |   1 |   58.0 |
       Dungeon |     58 |     58 |      0 |      0 |     24 |   1 |   58.0 |
               +--------+--------+--------+--------+--------+-----+--------+

Top non-repeatable levels by time:
     D:1: 58 daAuts
